AoeStats
← BEagLe

Nomad

504818634Analyzed
3v3 RM · 25d ago on Sep 6, 2026· 20m 29s· 6 players
Game mode
Random Map
Map size
210×210
Population
200
Speed
Normal
Resources
Standard
Victory
Conquest
Starting age
Dark Age
Ending age
Imperial Age
RankedLock teamsTeams togetherTeam positionsShared explorationLock speedFull tech treeHidden civsTurbo modeCheats
Victory
Defeat
🇹🇷 Spanish · Türkiye
1342
+16
🇹🇷 Aztecs · Türkiye
1338
+16
🇹🇷 Malay · Türkiye
1287
+18
🇹🇷 Persians · Türkiye
1365
-18
🇹🇼 Gurjaras · Taiwan
1356
-17
🇵🇾 Hindustanis · Paraguay
1293
-15
Lucky7
3:55 Loom
12:56 Feudal Age
runranrunrunning
5:26 Loom
13:27 Feudal Age
14:31 Double-Bit Axe
15:41 Fishing Lines
Garcheke514_
4:58 Loom
14:07 Feudal Age
18:35 Castle Age
16:47 Double-Bit Axe
16:42 Horse Collar
16:53 Gold Mining
19:57 Fletching
mert3x
6:59 Loom
13:47 Feudal Age
BEagLe
4:06 Loom
12:43 Feudal Age
18:12 Castle Age
hasthagbt
5:09 Loom
12:17 Feudal Age
16:10 Castle Age
15:17 Fishing Lines
15:50 Double-Bit Axe
17:03 Bow Saw
Connection lost

Rejoining the realm…

Still unreachable

The connection could not be restored.

Session expired

The server has moved on; the page needs a fresh start.